 Dungeon Crawl Stone Soup version 0.30-a0-365-ge7f957f1db (webtiles) character file.

Game seed: 11923509867538883645

1240627 holysushi the Intangible (level 27, -4/129 (199) HPs)
             Began as a Kobold Monk on Nov 15, 2022.
             Was an Elder of Dithmenos.
             Killed from afar by an ancient lich (45 damage)
             ... with a crystal spear
             ... on level 6 of Gehenna on Nov 16, 2022.
             The game lasted 05:29:52 (143715 turns).

holysushi the Intangible (Kobold Monk)            Turns: 143715, Time: 05:29:53

HP:   -4/129 (199)  AC: 17    Str:  9 (14) XL:     27
MP:   36/40         EV: 69    Int: 12      God:    Dithmenos [****..]
Gold: 8663          SH: 20    Dex: 47      Spells: 38/38 levels left

rFire   + . .      SeeInvis +    N - +8 rapier (spect)
rCold   + . .      Faith    .    o - +3 buckler {rC+}
rNeg    + + +      Spirit   .    Z - +5 robe of Night {Dark Will+ SInv}
rPois   ∞          Reflect  .    T - +1 hat of Zabifrar {Dex+4}
rElec   .          Harm     .    V - scarf {shadows}
rCorr   .          Rampage  .    K - +2 pair of gloves {Dex+3}
Will    ∞                        M - +2 pair of boots of Saihabu {rN++} Stlth !!!!!!!!##
                                 j - amulet "Tufappar" {RegenMP Dex+7}
HPRegen 0.41/turn                d - +6 ring of dexterity
MPRegen 0.67/turn                y - ring of protection from fire

@: shadow-form, wreathed by umbra, studying 6 skills, very heavily drained,
invisible, unable to read
A: shadow resist, half damage, bleed smoke, invisible, small, no large weapons,
nightstalker 3, mutation resistance 1, strong 1, wild magic 1
}: 14/15 runes: decaying, serpentine, slimy, silver, golden, iron, icy, bone,
abyssal, demonic, glowing, magical, fiery, dark
a: End Transformation, Renounce Religion, Shadow Step


You were on level 6 of Gehenna.
You worshipped Dithmenos.
Dithmenos was greatly pleased with you.
You were a swirling mass of dark shadows.
You visited 17 branches of the dungeon, and saw 82 of its levels.
You visited Pandemonium 2 times, and saw 18 of its levels.
You visited the Abyss 3 times.
You visited 2 bazaars.
You also visited: Trove and Desolation.

You collected 33274 gold pieces.
You spent 11328 gold pieces at shops.
You paid 13283 gold pieces to Gozag.

Inventory:

Hand Weapons
 D - a +5 rapier of electrocution
 N - a +8 spectral rapier (weapon)
Armour
 o - a +3 buckler of cold resistance (worn)
 K - a +2 pair of gloves of dexterity (worn)
 M - the +2 pair of boots of Saihabu (worn) {rN++}
   (You found it on level 1 of the Swamp)

   rN:        It greatly protects you from negative energy.
 T - the +1 hat of Zabifrar (worn) {Dex+4}
   (You found it on level 5 of the Pits of Slime)

   Dex:       It affects your dexterity (+4).
 V - a scarf of shadows (worn)
 Z - the +5 robe of Night (worn) {Dark Will+ SInv}
   (You bought it in a shop on level 2 of the Vaults)

   It shrouds the wearer in darkness, reducing the range at which they can see
   and be seen by others.
   SInv:      It lets you see invisible.
   Will:      It increases your willpower.
Jewellery
 d - a +6 ring of dexterity (left hand)
 h - a ring of flight
 j - the amulet "Tufappar" (around neck) {RegenMP Dex+7}
   (You bought it in a shop on level 2 of the Orcish Mines)

   [amulet of magic regeneration]

   It increases your rate of magic regeneration.
   Dex:       It affects your dexterity (+7).
 t - a +6 ring of dexterity
 v - the ring of the Iron Devil {rElec Int+4 Dex+4 SInv}
   (You found it on level 7 of the Iron City of Dis)

   [ring of see invisible]

   Int:       It affects your intelligence (+4).
   Dex:       It affects your dexterity (+4).
   rElec:     It insulates you from electricity.
   SInv:      It lets you see invisible.
 y - a ring of protection from fire (right hand)
 G - a ring of poison resistance
Wands
 l - a wand of paralysis (66) (quivered)
 w - a wand of digging (43)
 C - a wand of iceblast (37)
 J - a wand of light (2)
Scrolls
 i - 5 scrolls of blinking
 m - 16 scrolls of vulnerability
 n - 11 scrolls of fog
 u - 7 scrolls of immolation
 x - 9 scrolls of teleportation
 A - 13 scrolls of enchant armour
 I - 14 scrolls of fear
 O - 7 scrolls of silence
 Y - a scroll of summoning
Potions
 c - 4 potions of ambrosia
 e - 9 potions of flight
 k - 6 potions of resistance
 r - a potion of cancellation
 s - 6 potions of curing
 z - 18 potions of brilliance
 B - 3 potions of berserk rage
 E - 8 potions of heal wounds
 H - 9 potions of mutation
 L - 13 potions of might
 Q - 11 potions of lignification
 S - 4 potions of magic
 U - 3 potions of invisibility
 W - 7 potions of haste
Miscellaneous
 p - a phantom mirror
 q - a figurine of a ziggurat
 F - a box of beasts
 R - a phial of floods
 X - the horn of Geryon


   Skills:
 O Level 27 Fighting
 O Level 27 Short Blades
 + Level 18.2 Armour
 O Level 27 Dodging
 O Level 27 Stealth
 O Level 27 Shields
 - Level 6.4 Spellcasting
 O Level 27 Invocations
 + Level 25.5 Evocations


You had 38 spell levels left.
You didn't know any spells.
Your spell library contained the following spells:

 Spells                   Type           Power      Damage    Failure   Level
 Apportation              Tloc           2%         N/A       24%         1
 Beastly Appendage        Tmut           2%         N/A       24%         1
 Freeze                   Ice            4%         1d3       24%         1
 Kiss of Death            Conj/Necr      4%         2d5       24%         1
 Magic Dart               Conj           4%         1d3       24%         1
 Necrotise                Necr           4%         1d4       24%         1
 Sandblast                Erth           2%         2d4       24%         1
 Shock                    Conj/Air       4%         1d3       24%         1
 Sting                    Tmut/Pois      4%         1d3       24%         1
 Summon Small Mammal      Summ           4%         N/A       24%         1
 Blink                    Tloc           2%         N/A       34%         2
 Call Imp                 Summ           1%         N/A       34%         2
 Cigotuvi's Dreadful Rot  Necr/Pois/Air  2%         N/A       34%         2
 Ensorcelled Hibernation  Hex/Ice        2%         N/A       34%         2
 Passwall                 Tmut/Erth      0%         N/A       34%         2
 Poisonous Vapours        Pois/Air       2%         N/A       34%         2
 Scorch                   Fire           2%         2d5       34%         2
 Static Discharge         Conj/Air       2%         2-3/arc   34%         2
 Sublimation of Blood     Necr           1%         N/A       34%         2
 Wereblood                Tmut           1%         N/A       34%         2
 Call Canine Familiar     Summ           1%         N/A       54%         3
 Confusing Touch          Hex            1%         N/A       54%         3
 Dazzling Flash           Conj/Hex       2%         N/A       54%         3
 Frozen Ramparts          Ice            2%         1d1       54%         3
 Gell's Gravitas          Tloc           1%         N/A       54%         3
 Hailstorm                Conj/Ice       1%         3d3       54%         3
 Ignite Poison            Fire/Tmut/Pois 1%         N/A       54%         3
 Inner Flame              Hex/Fire       1%         N/A       54%         3
 Kindle Blastsparks       Fire/Tloc/Air  2%         2d10      54%         3
 Lesser Beckoning         Tloc           2%         N/A       54%         3
 Mephitic Cloud           Conj/Pois/Air  1%         N/A       54%         3
 Ozocubu's Armour         Ice            1%         N/A       54%         3
 Portal Projectile        Hex/Tloc       2%         N/A       54%         3
 Spider Form              Tmut/Pois      1%         N/A       54%         3
 Stone Arrow              Conj/Erth      2%         3d7       54%         3
 Summon Guardian Golem    Hex/Summ       1%         N/A       54%         3
 Swiftness                Air            1%         N/A       54%         3
 Teleport Other           Tloc           1%         N/A       54%         3
 Tukima's Dance           Hex            1%         N/A       54%         3
 Vampiric Draining        Necr           1%         2d6       54%         3
 Vhi's Electric Charge    Tloc/Air       2%         N/A       54%         3
 Airstrike                Air            0%         2d(1-17)  90%         4
 Anguish                  Hex/Necr       0%         N/A       90%         4
 Dispel Undead            Necr           1%         3d6       90%         4
 Flame Wave               Conj/Fire      1%         2d4       90%         4
 Fulminant Prism          Conj/Hex       0%         3d5       90%         4
 Ice Form                 Ice/Tmut       1%         N/A       90%         4
 Iskenderun's Mystic Bla  Conj/Tloc      1%         2d3       90%         4
 Leda's Liquefaction      Hex/Erth       0%         N/A       90%         4
 Manifold Assault         Tloc           1%         N/A       90%         4
 Olgreb's Toxic Radiance  Pois           1%         N/A       90%         4
 Passage of Golubria      Tloc           1%         N/A       90%         4
 Petrify                  Tmut/Erth      1%         N/A       90%         4
 Sticky Flame             Conj/Fire      1%         2d3       90%         4
 Summon Ice Beast         Ice/Summ       1%         N/A       90%         4
 Summon Lightning Spire   Summ/Air       1%         N/A       90%         4
 Agony                    Necr           1%         N/A       99%         5
 Alistair's Intoxication  Tmut/Pois      0%         N/A       99%         5
 Arcjolt                  Conj/Air       0%         1d10      99%         5
 Blade Hands              Tmut           0%         N/A       99%         5
 Borgnjor's Vile Clutch   Necr/Erth      0%         N/A       99%         5
 Fireball                 Conj/Fire      0%         3d3       99%         5
 Irradiate                Conj/Tmut      0%         3d11      99%         5
 Iskenderun's Battlesphe  Conj           1%         2d6       99%         5
 Lee's Rapid Deconstruct  Erth           0%         3d4*      99%         5
 Lightning Bolt           Conj/Air       0%         1d11      99%         5
 Metabolic Englaciation   Hex/Ice        0%         N/A       99%         5
 Silence                  Hex/Air        0%         N/A       99%         5
 Summon Forest            Summ/Tloc      0%         N/A       99%         5
 Summon Mana Viper        Hex/Summ       1%         N/A       99%         5
 Yara's Violent Unravell  Hex/Tmut       0%         3d3       99%         5
 Conjure Ball Lightning   Conj/Air       0%         3x3d6     100%        6
 Death Channel            Necr           0%         N/A       100%        6
 Dispersal                Tloc           0%         N/A       100%        6
 Eringya's Noxious Bog    Tmut/Pois      0%         N/A       100%        6
 Iron Shot                Conj/Erth      0%         9d1       100%        6
 Simulacrum               Ice/Necr       0%         N/A       100%        6
 Starburst                Conj/Fire      0%         6d3       100%        6
 Statue Form              Tmut/Erth      0%         N/A       100%        6
 Summon Cactus Giant      Summ           0%         N/A       100%        6
 Dragon Form              Tmut           0%         N/A       100%        7
 Enfeeble                 Hex            0%         N/A       100%        7
 Haunt                    Necr/Summ      0%         N/A       100%        7
 Malign Gateway           Summ/Tloc      0%         N/A       100%        7
 Monstrous Menagerie      Summ           0%         N/A       100%        7
 Orb of Destruction       Conj           0%         9d5       100%        7
 Ozocubu's Refrigeration  Ice            0%         4d7       100%        7
 Spellforged Servitor     Conj/Summ      0%         N/A       100%        7
 Storm Form               Tmut/Air       0%         N/A       100%        7
 Summon Hydra             Summ           0%         N/A       100%        7
 Discord                  Hex            0%         N/A       100%        8
 Disjunction              Tloc           0%         N/A       100%        8
 Ignition                 Fire           0%         3d3       100%        8
 Lehudib's Crystal Spear  Conj/Erth      0%         10d2      100%        8
 Maxwell's Capacitive Co  Air            0%         ∞         100%        8
 Summon Horrible Things   Summ           0%         N/A       100%        8
 Chain Lightning          Conj/Air       0%         2d1       100%        9
 Dragon's Call            Summ           0%         N/A       100%        9


Dungeon Overview and Level Annotations

Branches:
Dungeon (15/15) Zot: 25291  Temple (1/1) D:4 Zot: 5881    Lair (5/5) D:9 Zot: 19753
  Swamp (4/4) Lair:2 Zot: 18149   Snake (4/4) Lair:2 Zot: 18589   Slime (5/5) Lair:5 Zot: 20044
    Orc (2/2) D:11 Zot: 9463     Elf (3/3) Orc:2 Zot: 10732  Vaults (5/5) D:14 Zot: 14200
  Crypt (3/3) Vaults:2 Zot: 12229    Tomb (3/3) Crypt:3 Zot: 10561  Depths (4/4) D:15 Zot: 14793
   Hell (visited)             Dis (7/7) Hell Zot: 26461     Geh (6/7) Hell Zot: 26461
    Coc (7/7) Hell Zot: 26461     Tar (7/7) Hell Zot: 26461     Zot (0/5) Depths:4
Desolation (visited)

Altars:
Ashenzari
Cheibriados
Dithmenos
Elyvilon
Fedhas
Gozag
Hepliaklqana
Kikubaaqudgha
Makhleb
Nemelex Xobeh
Okawaru
Qazlal
Ru
Sif Muna
Trog
Uskayaw
Vehumet
Wu Jian
Xom
Yredelemnul
Zin
The Shining One
Jiyva

Shops:
D:11 =*=   Orc:2 *=**?=[   Elf:3 (   Snake:1 !   Snake:4 ?
Vaults:2 ![[[[![???

Portals:
Hell: Depths:1 Depths:2 Depths:3 Depths:4
Abyss: Swamp:1 Depths:3 Depths:4
Pandemonium: Depths:1 Depths:2
Ziggurat: Depths:1

Annotations:
D:5 2 runed translucent doors
Swamp:2 exclusion: 2 swamp worms
Snake:1 3 runed translucent doors, NinjaNoafa's ghost, journeyman AtFi


Innate Abilities, Weirdness & Mutations

You are a swirling mass of dark shadows.
You are immune to unholy torment and to willpower attacks.
Damage taken is halved, but you are drained when taking damage.
Your attacks are insubstantial and do half damage.
You bleed smoke when taking damage.
You are invisible.
You are immune to poison.
Your spellcasting is less reliable in this form.
You are small and have problems with some larger weapons.
You are completely attuned to the shadows.
You are somewhat resistant to further mutation.
Your muscles are strong. (Str +4, Int/Dex -1)
Your spells are a little harder to cast, but a little more powerful.


Message History

The fireball explodes!
The fireball engulfs you! You resist.
You emit a cloud of dark smoke.
You feel drained.
The fireball engulfs the balrug.
The balrug completely resists.
You hear a roar!
You catch the helpless balrug completely off-guard!
You perforate the balrug like a sieve!!!
The balrug is severely wounded.
Your +8 spectral rapier hits the balrug!
You hit the balrug.
The balrug is almost dead.
Your shadow hits the balrug but does no damage.
Your +8 spectral rapier barely misses the balrug.
The balrug gestures at your +8 spectral rapier.
The sticky flame hits your +8 spectral rapier.
Your +8 spectral rapier resists.
Your spectral weapon shares its damage with you!
You emit a cloud of dark smoke.
You feel drained.
The searing wretch claws your +8 spectral rapier!!
Your spectral weapon shares its damage with you!
Your +8 spectral rapier is engulfed in flames!
Your +8 spectral rapier resists.
Your spectral weapon shares its damage with you!
Your +8 spectral rapier fades away.
You emit a cloud of dark smoke.
You feel drained.
You strike the helpless balrug from behind!
You stick the balrug like a pincushion!!!
You kill the balrug!
Dithmenos accepts your kill. The searing wretch barely misses you.
You block the searing wretch's attack.
The searing wretch completely misses you.
The ancient lich completely misses you.
Things that are here:
a +3 demon whip of venom; a +0 demon whip You catch the helpless searing wretch completely off-guard!
You stick the searing wretch like a pincushion!!!
You destroy the searing wretch!
Dithmenos accepts your kill. The ancient lich casts a spell at you.
The crystal spear hits you!!!!
You die...

§§.....
§§§...^
§§.....
§§§....
≈......
≈......
.§§§§
§∩.....
#§§§§§
≈§§§...
#§§§L.
≈§.§§.#
#§§W..
≈§....#
#§§§..
§....+
##..Y§
.≈..##
#....
§....##
.....
......#
....#
.....#
#...+
....#
...##
...##
#..#


You could see a hellephant (wandering, unable to see you) and an ancient lich.

Vanquished Creatures
  Cerebov (Pan)
  Antaeus (Coc:7)
  the Royal Jelly (Slime:5)
  Ignacio (Pan)
  Gloorx Vloq (Pan)
  Ereshkigal (Tar:7)
  Lom Lobon (Pan)
  A seraph (Pan)
  Mnoleg (Pan)
  Dispater (Dis:7)
  10 dread liches
  10 ancient liches
  4 juggernauts
  8 pandemonium lords (Pan)
  32 royal mummies
  Sojobo (Vaults:5)
  the Lernaean hydra (Swamp:4)
  Frederick (Vaults:4)
  Bai Suzhen (Swamp:4)
  18 shard shrikes
  Vashnia (Snake:4)
  Saint Roka (Vaults:4)
  10 caustic shrikes
  Xtahua (Depths:4)
  Geryon (Hell)
  3 golden dragons
  Nikola (Swamp:2)
  8 profane servitors
  the Enchantress (Depths:2)
  12 bone dragons
  A pearl dragon (Pan)
  6 iron giants
  6 Brimstone Fiends
  11 doom hounds
  14 Tzitzimimeh
  3 spectral shard shrikes (Tar:4)
  A hellephant (Hell)
  8 tentacled monstrosities
  Rupert (Lair:4)
  22 Ice Fiends
  18 titans
  8 liches
  5 searing wretches
  18 Hell Sentinels
  12 tainted leviathans
  4 deep elf blademasters
  2 quicksilver dragons (Vaults:4)
  2 deep elf master archers (Elf:3)
  19 acid blobs
  12 sphinxes
  20 Executioners (Pan)
  8 tentacled starspawn
  8 tengu reavers
  42 ancient champions
  4 storm dragons
  Kirke (Lair:2)
  4 shadow dragons
  11 rockslimes
  3 fenstrider witches
  Donald (Swamp:2)
  2 draconian monks (Depths:4)
  8 nagarajas
  20 azure jellies
  A draconian knight (Depths:4)
  2 revenants
  4 demonspawn warmongers (Pan)
  12 daevas
  4 quicksilver elementals
  3 deep elf sorcerers (Elf:3)
  10 narguns
  17 fire giants
  6 iron dragons
  19 vault wardens
  2 ghost moths (Pan)
  4 imperial myrmidons (Desolation)
  Louise (Snake:4)
  44 balrugs
  4 ghouls
  5 spectral juggernauts
  9 frost giants
  5 spriggan defenders
  3 orc warlords
  Aizul (Swamp:3)
  14 cacodemons
  20 angels (Pan)
  4 deep elf elementalists
  4 spectral caustic shrikes
  3 curse skulls
  2 shard shrike simulacra
  13 ironbound preservers
  21 stone giants
  7 demonspawn corrupters (Pan)
  A caustic shrike skeleton (D:15)
  9 demonspawn blood saints (Pan)
  17 ophanim (Pan)
  3 draconian annihilators (Pan)
  14 quicksilver oozes
  15 reapers
  28 very ugly things
  18 war gargoyles
  27 apis (Pan)
  Nessos (D:12)
  19 elemental wellsprings
  A juggernaut skeleton (Tomb:1)
  5 ironbound thunderhulks
  7 bennus (Tomb:2)
  2 bunyips (Swamp:1)
  6 deep elf demonologists (Elf:3)
  19 lorocyprocas
  7 eleionomae
  2 green draconians (Depths:4)
  A purple draconian (Depths:4)
  6 vampire knights
  21 demonspawn black suns (Pan)
  13 dire elephants
  4 wendigos
  4 deep elf annihilators
  8 putrid mouths
  A red draconian (Depths:4)
  The ghost of Iich the Severer, a journeyman MiBe of Trog (Swamp:1)
  3 spectral titans (Tar:2)
  11 ettins
  3 crystal guardians
  3 eidola
  12 green deaths
  23 iron golems
  2 merfolk javelineers (Depths:4)
  Snorg (D:12)
  26 blizzard demons
  10 deep elf death magi
  A spectral quicksilver dragon (Tar:4)
  A merfolk impaler (Depths:3)
  25 jiangshi
  Fannar (Lair:2)
  9 fire dragons
  10 great orbs of eyes
  6 deep elf high priests
  An entropy weaver (Vaults:4)
  19 yaktaur captains
  18 mummy priests
  9 ragged hierophants (Desolation)
  A spectral spriggan (Tar:4)
  3 spriggan zombies
  46 vault guards
  A rakshasa (Depths:1)
  5 salamander tyrants
  10 ice dragons
  5 servants of whispers (Desolation)
  4 hell beasts (Pan)
  A spectral shadow dragon (Tar:2)
  10 death knights
  A catoblepas (Lair:4)
  7 peacekeepers
  20 hydras
  14 anacondas
  13 alligators
  5 caustic shrike simulacra
  6 spriggan air magi
  2 fenstrider witch skeletons
  A spectral draconian (Tar:1)
  A radroach (shapeshifter) (Vaults:4)
  2 stokers (Geh:6)
  5 two-headed ogres
  17 centaur warriors
  A spectral stone giant (Tar:4)
  A spriggan skeleton (D:15)
  8 juggernaut simulacra
  A boulder beetle (shapeshifter) (Vaults:4)
  7 ironbound frosthearts
  An Orb Guardian skeleton (Crypt:2)
  29 dancing weapons
  3 tengu warriors
  5 deep troll earth magi
  9 naga warriors
  2 boulder beetles
  69 death scarabs
  8 death yaks
  8 shock serpents
  28 hell hogs
  11 naga sharpshooters
  2 deep troll shamans (Depths:2)
  11 vampire magi
  8 spriggan berserkers
  81 sun demons
  A spectral dire elephant (Tar:4)
  7 orc high priests
  24 deep elf knights
  2 thrashing horrors
  Urug (D:12)
  11 hell knights
  Sonja (Orc:2)
  13 sixfirhies
  39 soul eaters
  7 shadow wraiths
  A wretched star (Abyss:3)
  10 crystal echidnas
  8 quicksilver dragon simulacra
  51 skeletal warriors
  A deep troll (shapeshifter) (D:11)
  2 goliath frogs (Swamp:1)
  3 salamander mystics
  A glowing orange brain (shapeshifter) (Depths:4)
  2 bunyip zombies
  15 cherubim (Pan)
  9 swamp dragons
  An iron troll (Depths:4)
  4 spatial maelstroms (Abyss:3)
  A sea snake (shapeshifter) (Elf:2)
  4 glowing orange brains
  17 shadow demons
  2 death drakes
  A shadow dragon zombie (Vaults:5)
  3 spectral anacondas
  3 spectral wolf spiders (D:14)
  4 spriggan simulacra
  7 lindwurms
  41 deep trolls
  3 spriggan druids
  8 flayed ghosts
  13 wizards
  14 bog bodies
  6 naga ritualists
  7 deep elf archers
  21 orc knights
  20 phantasmal warriors
  An anaconda skeleton (Hell)
  An obsidian statue (Vaults:1)
  33 deep elf pyromancers
  24 deep elf zephyrmancers
  12 necromancers
  19 ironbound convokers
  4 harpies (Vaults:3)
  6 mana vipers
  An oklob plant (D:7)
  A mana viper (shapeshifter) (Vaults:4)
  6 will-o-the-wisps
  A sphinx zombie (Depths:3)
  11 orc sorcerers
  A wolf spider (D:15)
  36 ugly things
  6 salamanders
  7 shining eyes
  5 cyclopes
  5 worldbinders
  2 manticores (D:12)
  A stone giant zombie (D:15)
  A spectral ice dragon (D:14)
  A spectral ettin (Tar:4)
  16 vault sentinels
  A water nymph (shapeshifter) (Depths:3)
  3 elephants (Lair:5)
  4 spectral centaurs
  31 black mambas
  2 naga zombies
  A dire elephant zombie (Hell)
  2 iron dragon skeletons
  4 centaur zombies
  9 guardian serpents
  12 naga magi
  An eye of devastation (shapeshifter) (Elf:1)
  5 eyes of devastation
  6 rust devils
  A titan simulacrum (Coc:7)
  7 ice statues
  An unseen horror (D:11)
  4 molten gargoyles
  23 orange demons
  3 centaur skeletons (D:14)
  2 gargoyles
  2 dire elephant skeletons
  2 rime drakes (shapeshifter)
  6 torpor snails
  7 cane toads
  5 kobold demonologists
  70 smoke demons
  3 rime drakes
  16 tormentors
  25 hellwings
  37 demonic crawlers (Pan)
  21 hellions
  5 anaconda simulacra
  5 ice devils
  9 efreet (Pan)
  6 spectral nagas
  63 yaktaurs
  A bunyip simulacrum (Coc:1)
  51 guardian mummies
  An ancient zyme (Abyss:3)
  A golden dragon simulacrum (Coc:2)
  30 freezing wraiths
  10 komodo dragons
  10 red devils
  9 trolls
  2 harpy zombies
  An unseen horror skeleton (Crypt:2)
  4 bloated husks
  7 spectral harpies
  4 silent spectres
  2 purple draconian skeletons (Crypt:2)
  4 wolf spider simulacra (D:14)
  A tengu simulacrum (Depths:3)
  A slime creature (shapeshifter) (Vaults:5)
  5 polar bears
  71 slime creatures
  10 tyrant leeches
  24 hornets
  57 saltlings
  A raiju (shapeshifter) (D:15)
  7 raiju
  Grinder (D:5)
  A hydra skeleton (Tomb:1)
  A culicivora zombie (Crypt:1)
  A stone giant simulacrum (Coc:1)
  A dream sheep (Lair:4)
  4 iron dragon simulacra
  A human simulacrum (Vaults:5)
  A spectral meliai (D:14)
  36 ynoxinuls
  66 flying skulls
  A spriggan (shapeshifter) (Abyss:3)
  19 spriggans
  10 starcursed masses
  3 centaur simulacra
  An ettin skeleton (D:15)
  5 shadows
  4 vampires (D:14)
  An air elemental (Elf:2)
  2 wyverns (Lair:2)
  13 water elementals
  11 wraiths
  A black mamba skeleton (Crypt:1)
  7 dire elephant simulacra
  4 fire elementals
  19 humans (D:14)
  23 chaos spawn
  42 yaks
  9 ushabtiu
  A hog (Lair:2)
  7 golden eyes
  17 neqoxecs
  5 basilisks
  45 large abominations
  2 steam dragons (Lair:5)
  8 small abominations
  Menkaure (D:7)
  A wind drake skeleton (Crypt:1)
  A redback (Vaults:4)
  A yaktaur simulacrum (Vaults:5)
  7 vampire mosquitoes
  3 human zombies
  4 wargs
  8 harpy simulacra
  The ghost of Heh the Shield-Bearer, an amateur OpFi (D:3)
  2 spatial vortices (Abyss:3)
  16 swamp worms
  15 nagas
  16 hell hounds
  Edmund (D:5)
  3 acid dragons
  A demonspawn skeleton (Tomb:1)
  A two-headed ogre zombie (Crypt:1)
  A cane toad zombie (Crypt:1)
  2 hydra simulacra
  33 water moccasins
  3 floating eyes
  A naga skeleton (Crypt:1)
  13 swamp drakes
  11 ogres
  35 orc warriors
  2 sky beasts (D:7)
  4 black bears
  4 ettin simulacra
  7 boggarts
  A black mamba simulacrum (Vaults:1)
  23 centaurs
  A fire dragon simulacrum (Vaults:1)
  15 wolves
  A dream sheep skeleton (Crypt:1)
  2 rime drake skeletons
  4 kobold brigands
  10 necrophages
  14 bullfrogs
  A gnoll sergeant (D:5)
  4 earth elementals
  3 scorpions
  6 wights
  2 elephant simulacra (Vaults:1)
  5 killer bees
  3 howler monkeys
  2 electric eels
  3 vampire bats (D:10)
  3 crimson imps (Pan)
  4 quasits (D:3)
  A gnoll bouda (D:7)
  10 jellies
  18 orc priests
  7 hounds
  Crazy Yiuf (D:7)
  A basilisk skeleton (Crypt:1)
  Natasha (thrice) (D:3)
  8 iguanas
  17 orc wizards
  Ijyb (D:5)
  4 hell rats (Lair:1)
  A troll simulacrum (Vaults:1)
  A boggart simulacrum (D:14)
  41 mummies
  A howler monkey zombie (Crypt:1)
  A killer bee simulacrum (D:9)
  13 gnolls
  20 adders
  A naga simulacrum (Vaults:1)
  A steam dragon skeleton (Crypt:2)
  3 shadow imps
  6 white imps
  2 ufetubi
  2 adder zombies (Crypt:1)
  2 worms
  3 dart slugs
  63 orcs
  6 bats
  3 bat skeletons (D:10)
  2 bat zombies
  27 endoplasms
  3 giant cockroaches
  7 goblins
  9 hobgoblins
  6 jackals
  5 quokkas
  10 ball pythons
  3 frilled lizards
  25 kobolds
  4 rats
  A creeping inferno (Geh:4)
  14 fire vortices
3954 creatures vanquished.

Vanquished Creatures (collateral kills)
  A dread lich (Coc:3)
  A lich (Tomb:2)
  An acid blob (Slime:5)
  An Executioner (Pan)
  A rockslime (Slime:5)
  3 cacodemons (Pan)
  A spriggan defender (Depths:2)
  A bennu (Tomb:2)
  A putrid mouth (Tar:4)
  A lorocyproca (Pan)
  An ice dragon (Hell)
  A spriggan air mage (Depths:2)
  A death scarab (Tomb:1)
  A large abomination (Pan)
  2 soul eaters
  2 sixfirhies (Pan)
  An ugly thing (D:13)
  3 orange demons (Pan)
  A demonic crawler (Pan)
  A freezing wraith (Hell)
  2 guardian mummies (Tomb:3)
  4 chaos spawn (Pan)
  A hell hound (Pan)
  A fire dragon simulacrum (Hell)
34 creatures vanquished.

Vanquished Creatures (others)
  A shard shrike (Coc:6)
  A hellephant (Geh:5)
  2 Ice Fiends (Coc:6)
  An eldritch tentacle (Pan)
  A frost giant (Coc:6)
  A deep elf sorcerer (Elf:3)
  2 shard shrike simulacra (Coc:6)
  A fire giant (Hell)
  A demonspawn blood saint (Pan)
  5 elemental wellsprings
  A lorocyproca (Pan)
  2 green deaths (Pan)
  A caustic shrike simulacrum (Coc:6)
  A vault guard (Elf:3)
  A sun demon (Pan)
  A deep elf knight (Elf:2)
  A skeletal warrior (D:11)
  2 shadow demons (Pan)
  A spriggan simulacrum (Coc:6)
  3 deep elf zephyrmancers (Elf:1)
  2 smoke demons (Pan)
  A black mamba (Snake:1)
  2 yaktaurs
  2 freezing wraiths (Coc:6)
  A hellwing (Pan)
  2 bloated husks
  A dire elephant simulacrum (Coc:6)
  A human (Snake:1)
  A chaos spawn (Pan)
  A naga (Snake:1)
  3 ball lightnings (Pan)
  A creeping inferno (Geh:5)
  A fire vortex (Geh:3)
  10 foxfires
  45 fungi
  97 plants
  20 starspawn tentacles
  6 withered plants (D:15)
227 creatures vanquished.

Grand Total: 4215 creatures vanquished

Notes
Turn   | Place    | Note
-------+----------+-------------------------------------------
     0 | D:1      | holysushi the Kobold Monk began the quest for the Orb.
     0 | D:1      | Reached XP level 1. HP: 14/14 MP: 1/1
   113 | D:1      | Reached XP level 2. HP: 19/19 MP: 2/2
   272 | D:1      | Reached skill level 5 in Short Blades
   527 | D:1      | Reached XP level 3. HP: 21/23 MP: 1/3
   776 | D:2      | Identified the +0 ring mail of Mutualism {Dex+4}
   993 | D:2      | Reached XP level 4. HP: 28/28 MP: 4/4
  1360 | D:3      | Found a faded altar of an unknown god.
  1383 | D:3      | Reached XP level 5. HP: 28/32 MP: 3/5
  1938 | D:3      | Found a transporter.
  1940 | D:3      | Noticed Heh's ghost (amateur OpFi)
  1957 | D:3      | Found a transporter.
  2457 | D:4      | Noticed an ogre
  2460 | D:4      | Killed an ogre
  2461 | D:4      | Reached XP level 6. HP: 37/37 MP: 6/6
  2485 | D:4      | Found a staircase to the Ecumenical Temple.
  2531 | Temple   | Entered the Ecumenical Temple
  3348 | D:4      | Noticed a water moccasin
  3352 | D:4      | Killed a water moccasin
  3353 | D:4      | Reached XP level 7. HP: 41/41 MP: 7/7
  3778 | D:5      | Entered Level 5 of the Dungeon
  3778 | D:5      | Found a large runed translucent door.
  3778 | D:5      | Found a large runed translucent door.
  3783 | D:5      | Noticed a shadow
  3801 | D:5      | Reached skill level 5 in Dodging
  3801 | D:5      | Reached skill level 5 in Stealth
  3921 | D:4      | Reached XP level 8. HP: 29/46 MP: 8/8
  4081 | D:5      | You fall into a shaft and drop 2 floors!
  4365 | D:7      | Reached skill level 10 in Short Blades
  4600 | D:5      | Found an opulent altar of Gozag.
  4670 | D:5      | Became a worshipper of Gozag Ym Sagoz the Greedy
  4701 | D:5      | Reached XP level 9. HP: 51/51 MP: 9/9
  4718 | D:5      | Found a large runed translucent door.
  4718 | D:5      | Found a large runed translucent door.
  4732 | D:5      | Noticed a kobold demonologist
  4733 | D:5      | Found a white marble altar of Elyvilon.
  4740 | D:5      | Noticed a hellwing
  4886 | D:5      | Found a snail-covered altar of Cheibriados.
  4938 | D:5      | Found a blossoming altar of Fedhas.
  5114 | D:5      | Noticed Ijyb
  5120 | D:5      | Killed Ijyb
  5167 | D:5      | Noticed Grinder
  5169 | D:5      | Noticed Edmund
  5251 | D:5      | Noticed a hellwing
  5257 | D:5      | Noticed a red devil
  5259 | D:5      | Killed a kobold demonologist
  5350 | D:5      | Found a white marble altar of Elyvilon.
  5663 | D:5      | Reached skill level 10 in Stealth
  5663 | D:5      | Reached XP level 10. HP: 54/56 MP: 10/10
  5742 | D:5      | Killed Grinder
  5784 | D:5      | Found a stormy altar of Qazlal.
  5881 | D:5      | Found a white marble altar of Elyvilon.
  5918 | D:5      | Found a blossoming altar of Fedhas.
  5931 | D:5      | Killed Edmund
  5949 | D:5      | Found a stormy altar of Qazlal.
  5964 | D:5      | Found a large runed translucent door.
  5964 | D:5      | Found a large runed translucent door.
  5969 | D:5      | Found a large runed translucent door.
  6122 | D:3      | Identified a scroll of acquirement
  6122 | D:3      | Acquired a manual of Short Blades
  6147 | D:3      | Killed Heh's ghost
  6340 | D:3      | Noticed Natasha
  6340 | D:3      | Found a basalt altar of Yredelemnul.
  6340 | D:3      | Found a broken altar of Ashenzari.
  6343 | D:3      | Found a shadowy altar of Dithmenos.
  6343 | D:3      | Found a sacrificial altar of Ru.
  6344 | D:3      | Killed Natasha
  6390 | D:3      | Found a faded altar of an unknown god.
  6538 | D:3      | Noticed Natasha
  6543 | D:3      | Killed Natasha
  6812 | D:3      | Noticed Natasha
  6819 | D:3      | Killed Natasha
  6820 | D:3      | Reached skill level 10 in Dodging
  7032 | D:5      | Found a white marble altar of Elyvilon.
  7107 | D:5      | Found an opulent altar of Gozag.
  7169 | D:5      | Found a snail-covered altar of Cheibriados.
  7343 | D:5      | Found a large runed translucent door.
  7848 | D:6      | Found Huuxt's Vocational Training.
  8385 | D:7      | Noticed Menkaure
  8400 | D:7      | Killed Menkaure
  8534 | D:7      | Noticed an oklob plant
  8898 | D:7      | Reached skill level 5 in Fighting
  9064 | D:7      | Found a runed translucent door.
  9067 | D:7      | Noticed Crazy Yiuf
  9374 | D:7      | Killed Crazy Yiuf
  9470 | D:7      | Killed an oklob plant
  9835 | D:8      | Reached XP level 11. HP: 64/64 MP: 11/11
 11160 | D:9      | Got the Meditations on Venomous Transmigration
 11179 | D:9      | Found a staircase to the Lair.
 11683 | D:10     | Entered Level 10 of the Dungeon
 11856 | D:10     | Noticed a two-headed ogre
 11865 | D:10     | Paralysed by a hornet for 2 turns
 12871 | D:10     | Found an ancient bone altar of Kikubaaqudgha.
 13420 | D:10     | Killed a two-headed ogre
 13706 | D:10     | Reached XP level 12. HP: 40/70 MP: 12/12
 14068 | Lair:1   | Entered Level 1 of the Lair of Beasts
 14489 | D:6      | Bought a manual of Evocations for 880 gold pieces
 14489 | D:6      | Bought a manual of Invocations for 880 gold pieces
 14754 | Lair:1   | Reached skill level 1 in Evocations
 15879 | Lair:2   | Noticed a death yak
 15880 | Lair:2   | Noticed a death yak
 15880 | Lair:2   | Noticed a death yak
 15953 | Lair:3   | Reached skill level 5 in Evocations
 16057 | Lair:3   | Noticed a death yak
 16058 | Lair:3   | Noticed a death yak
 16059 | Lair:3   | Noticed a death yak
 16271 | Lair:3   | Noticed a death yak
 16273 | Lair:3   | Noticed a death yak
 16362 | Lair:2   | Killed a death yak
 16363 | Lair:2   | Reached skill level 15 in Dodging
 16541 | Lair:2   | Killed a death yak
 16550 | Lair:2   | Killed a death yak
 16755 | Lair:2   | Identified the +8 trident of the Eternal Void {vorpal, rF+
                  | rC- rN++}
 17051 | Lair:2   | Found a staircase to the Snake Pit.
 17267 | Lair:2   | Reached skill level 10 in Evocations
 17279 | Lair:2   | Reached XP level 13. HP: 52/74 MP: 13/13
 17865 | Lair:2   | Noticed Fannar
 17883 | Lair:2   | Killed Fannar
 18049 | Lair:2   | Found a staircase to the Swamp.
 18471 | Lair:3   | Noticed a five-headed hydra
 18475 | Lair:3   | Killed a five-headed hydra
 19103 | Lair:3   | Got Dueqipp's Opusculum on Incandescence
 19718 | Lair:4   | Noticed Rupert
 19722 | Lair:4   | Killed Rupert
 20190 | Lair:4   | Noticed a five-headed hydra
 20192 | Lair:4   | Killed a five-headed hydra
 20757 | Lair:4   | Noticed a five-headed hydra
 20761 | Lair:4   | Killed a five-headed hydra
 20878 | Lair:5   | Entered Level 5 of the Lair of Beasts
 20896 | Lair:5   | Reached XP level 14. HP: 80/80 MP: 14/14
 20898 | Lair:5   | Found a staircase to the Slime Pits.
 20898 | Lair:5   | Found a viscous altar of Jiyva.
 21870 | Lair:5   | Found a runed translucent door.
 22172 | Lair:5   | Reached skill level 15 in Evocations
 23466 | Lair:5   | Reached skill level 15 in Short Blades
 23486 | Lair:5   | Identified the +9 dagger "Orb Guardian's Curse" {freeze,
                  | Dex+4 SInv}
 23986 | D:11     | Found Cyesh's General Store.
 24040 | D:11     | Found Pyso's Jewellery Shop.
 24085 | D:11     | Bought the amulet of Vitality {RegenMP++ Regen++} for 1100
                  | gold pieces
 24085 | D:11     | Found the amulet of Vitality {RegenMP++ Regen++}
 24277 | D:11     | Found Qihuce's Jewellery Emporium.
 24364 | D:11     | Found a staircase to the Orcish Mines.
 24704 | D:11     | Reached XP level 15. HP: 59/86 MP: 15/15
 24733 | D:11     | Found a gateway to a bazaar.
 24917 | Bazaar   | Entered a bazaar
 24966 | Bazaar   | Found Inte's Jewellery Shoppe.
 24983 | Bazaar   | Found Qecech's Antique Weapon Emporium.
 25038 | Bazaar   | Found Pinaok's Antique Weapon Shop.
 25055 | Bazaar   | Found Nuidghing's Book Emporium.
 25462 | D:12     | Noticed Nessos
 25466 | D:12     | Killed Nessos
 25532 | D:12     | Noticed Urug
 25536 | D:12     | Killed Urug
 25668 | D:12     | Noticed Snorg
 25679 | D:12     | Killed Snorg
 26360 | D:13     | Reached skill level 10 in Fighting
 27846 | D:14     | Found a gate to the Vaults.
 27990 | D:14     | Reached skill level 15 in Stealth
 28826 | D:14     | Reached XP level 16. HP: 97/97 MP: 16/16
 29051 | D:14     | Found a basalt altar of Yredelemnul.
 29070 | D:14     | Paralysed by a vampire knight for 2 turns
 29308 | D:14     | Paralysed by a vampire knight for 4 turns
 29386 | D:14     | Identified the +12 flail "Radyseng" {vorpal, rElec rPois
                  | rCorr Str+4}
 29387 | D:14     | Identified the +1 helmet "Ripoecic" {rC++}
 29497 | Orc:1    | Entered Level 1 of the Orcish Mines
 29743 | Orc:1    | Found an ornate altar of the Wu Jian Council.
 29743 | Orc:1    | Found a transporter.
 29747 | Orc:1    | Found a transporter.
 29754 | Orc:1    | Found a transporter.
 29772 | Orc:1    | Found a transporter.
 30209 | Orc:1    | Found an ornate altar of the Wu Jian Council.
 30297 | Orc:2    | Entered Level 2 of the Orcish Mines
 30309 | Orc:2    | Found a staircase to the Elven Halls.
 30518 | Orc:2    | Noticed Sonja
 30522 | Orc:2    | Killed Sonja
 30721 | Orc:2    | Found Cito's Assorted Antiques.
 30966 | Orc:2    | Found Gaqed's Jewellery Boutique.
 30974 | Orc:2    | Bought the amulet "Tufappar" {RegenMP Dex+7} for 827 gold
                  | pieces
 31147 | Orc:2    | Found Opnuho Leyji's Antique Armour Shop.
 31264 | Orc:2    | Bought the +3 Mad Mage's Maulers {Infuse+∞ RegenMP Int-3}
                  | for 1040 gold pieces
 31264 | Orc:2    | Found the +3 Mad Mage's Maulers {Infuse+∞ RegenMP Int-3}
 31632 | Orc:2    | Paralysed by an orc sorcerer for 4 turns
 31694 | Orc:2    | Found Hosuun's General Store.
 31694 | Orc:2    | Found Posmicoc's Jewellery Shoppe.
 31722 | Orc:2    | Found Zaqoipri's Magic Scroll Boutique.
 31791 | Orc:2    | Found Futepor's Assorted Antiques.
 31834 | Orc:2    | Bought a scroll of acquirement for 832 gold pieces
 31834 | Orc:2    | Acquired 817 gold pieces
 32085 | Swamp:1  | Entered Level 1 of the Swamp
 32144 | Snake:1  | Entered Level 1 of the Snake Pit
 32406 | Snake:1  | Noticed Kirke
 32439 | Lair:2   | Killed Kirke
 32732 | Snake:1  | Found a runed translucent gate.
 32732 | Snake:1  | Found a runed translucent gate.
 32733 | Snake:1  | Found a runed translucent gate.
 32741 | Snake:1  | Noticed NinjaNoafa's ghost (journeyman AtFi)
 32785 | Snake:1  | Found Siudoem's Distillery.
 33214 | Snake:2  | Reached XP level 17. HP: 105/107 MP: 0/18
 35568 | Snake:1  | Bought a potion of invisibility for 88 gold pieces
 35568 | Snake:1  | Bought a potion of haste for 110 gold pieces
 35568 | Snake:1  | Bought a potion of heal wounds for 55 gold pieces
 35568 | Snake:1  | Bought a potion of heal wounds for 55 gold pieces
 35568 | Snake:1  | Bought a potion of cancellation for 88 gold pieces
 35568 | Snake:1  | Bought a potion of resistance for 110 gold pieces
 35582 | Snake:4  | Entered Level 4 of the Snake Pit
 36767 | Snake:4  | Found Dyqapil's Magic Scroll Shop.
 36774 | Snake:4  | Bought a scroll of enchant armour for 165 gold pieces
 36774 | Snake:4  | Bought a scroll of summoning for 209 gold pieces
 36947 | Snake:4  | Noticed Louise
 37042 | Abyss:3  | Cast into level 3 of the Abyss (Louise)
 37142 | Abyss:3  | Reached XP level 18. HP: 113/113 MP: 0/19
 37266 | Abyss:3  | Noticed a bone dragon
 37283 | Abyss:3  | Killed a bone dragon
 37608 | Snake:4  | Escaped the Abyss
 37640 | Snake:4  | Killed Louise
 38141 | Snake:4  | Noticed Vashnia
 38180 | Snake:4  | Killed Vashnia
 38235 | Snake:4  | Got a serpentine rune of Zot
 38536 | Swamp:1  | Found a transporter.
 38585 | Swamp:1  | Noticed Iich's ghost (journeyman MiBe)
 39633 | Swamp:1  | Found a transporter.
 39842 | Abyss:3  | Cast into level 3 of the Abyss (spriggan rider)
 40026 | Abyss:3  | Gained mutation: You occasionally lose the ability to drink
                  | potions when taking damage. [a neqoxec]
 40177 | Abyss:3  | Found a corrupted altar of Lugonu.
 40232 | Abyss:3  | Noticed a bone dragon
 40234 | Abyss:3  | Killed a bone dragon
 40238 | Abyss:3  | Noticed a lich
 40268 | Abyss:3  | Reached XP level 19. HP: 100/118 MP: 1/20
 40269 | Abyss:3  | Killed a lich
 40346 | Swamp:1  | Escaped the Abyss
 40625 | Swamp:1  | Found a one-way gate to the infinite horrors of the Abyss.
 40645 | Swamp:1  | Killed Iich's ghost
 40669 | Swamp:1  | Identified the +2 pair of boots of Saihabu {rN++}
 41418 | Swamp:2  | Noticed Nikola
 41434 | Swamp:2  | Killed Nikola
 42143 | Swamp:3  | Reached skill level 27 in Dodging
 42147 | Swamp:3  | Noticed Donald
 42149 | Swamp:3  | Noticed Aizul
 42160 | Swamp:2  | Killed Donald
 42219 | Swamp:3  | Killed Aizul
 42535 | Swamp:3  | Noticed a tentacled monstrosity
 42539 | Swamp:3  | Killed a tentacled monstrosity
 43172 | Swamp:4  | Entered Level 4 of the Swamp
 43318 | Swamp:4  | Identified the +2 sling "Maaritt" {freeze, +Blink Fly}
 43465 | Swamp:4  | Noticed Bai Suzhen
 43469 | Swamp:4  | Killed Bai Suzhen
 43617 | Swamp:4  | Reached XP level 20. HP: 116/124 MP: 0/21
 43684 | Swamp:4  | Noticed the 27-headed Lernaean hydra
 43689 | Swamp:4  | Killed the 27-headed Lernaean hydra
 43694 | Swamp:4  | Got a decaying rune of Zot
 43714 | Swamp:4  | Identified the +0 scale mail "Xuejukli" {rElec Regen+ Str-2
                  | Int+2}
 43774 | Swamp:4  | Identified the +5 scale mail of the Cuttlefish {Fly Str+4
                  | Dex-3 Slay+2}
 43846 | Swamp:4  | Noticed a tentacled monstrosity
 43854 | Swamp:4  | Killed a tentacled monstrosity
 44760 | Elf:1    | Entered Level 1 of the Elven Halls
 46955 | Elf:2    | Found a runed translucent gate.
 46956 | Elf:2    | Found a runed translucent gate.
 46956 | Elf:2    | Found a runed translucent gate.
 47904 | Elf:2    | Reached XP level 21. HP: 128/128 MP: 0/22
 48572 | Elf:3    | Entered Level 3 of the Elven Halls
 49128 | Elf:3    | Found Arorph Poaru's Weapon Boutique.
 49492 | Elf:3    | Found a portal to a secret trove of treasure.
 50143 | Snake:4  | Bought a scroll of enchant weapon for 165 gold pieces
 51026 | Abyss:3  | Cast into level 3 of the Abyss (a deep elf demonologist)
 51030 | Abyss:3  | Noticed a bone dragon
 51030 | Abyss:3  | Noticed a bone dragon
 51035 | Abyss:3  | Killed a bone dragon
 51038 | Abyss:3  | Killed a bone dragon
 51241 | Abyss:3  | Got an abyssal rune of Zot
 51399 | Elf:3    | Escaped the Abyss
 51954 | Elf:3    | Identified the +17 shadow dragon scales of a treasure trove
                  | {Rampage rPois Int-3 Stlth++++}
 52087 | Elf:3    | Reached skill level 27 in Stealth
 52187 | Elf:3    | Identified the +9 morningstar of Nightmares {spect, Str+3
                  | SInv}
 52202 | Elf:3    | Reached XP level 22. HP: 133/133 MP: 0/23
 52806 | Slime:1  | Entered Level 1 of the Pits of Slime
 53707 | Slime:5  | Entered Level 5 of the Pits of Slime
 53841 | Slime:5  | Noticed the Royal Jelly
 53880 | Slime:4  | Gained mutation: You have large cloven feet. [a shining
                  | eye]
 55544 | Slime:5  | Gained mutation: You sometimes lose your temper in combat.
                  | [a shining eye]
 55551 | Slime:5  | Lost mutation: You have large cloven feet. [potion of
                  | mutation]
 55551 | Slime:5  | Lost mutation: You sometimes lose your temper in combat.
                  | [potion of mutation]
 55551 | Slime:5  | Lost mutation: You occasionally lose the ability to drink
                  | potions when taking damage. [potion of mutation]
 55551 | Slime:5  | Gained mutation: You possess an exceptional clarity of
                  | mind. [potion of mutation]
 55551 | Slime:5  | Gained mutation: Armour fits poorly on your strangely
                  | shaped body. [potion of mutation]
 55551 | Slime:5  | Gained mutation: You are agile. (Dex +4, Str/Int -1)
                  | [potion of mutation]
 55551 | Slime:5  | Gained mutation: Your natural rate of healing is unusually
                  | fast. [potion of mutation]
 55840 | Vaults:1 | Entered Level 1 of the Vaults
 57151 | Vaults:1 | Reached skill level 27 in Short Blades
 57178 | Vaults:1 | Got the Essays on the Retinue
 57626 | Vaults:1 | Identified the +2 scale mail of Autumn {rElec Will+++ MP-9
                  | Stlth+}
 57843 | Vaults:1 | Reached XP level 23. HP: 119/140 MP: 0/24
 58185 | Vaults:1 | Reached skill level 1 in Armour
 58539 | Vaults:2 | Identified the +6 scale mail of the Moon Troll {rElec rPois
                  | rF+}
 58719 | Vaults:2 | Found a staircase to the Crypt.
 58893 | Vaults:2 | Found a crumbling gateway.
 58900 | Desolati | Entered the Desolation of Salt
 58950 | Desolati | Reached skill level 5 in Armour
 59294 | Desolati | Identified the +6 arbalest "Uptob" {vorpal, Dex+4}
 59302 | Desolati | Identified the ring "Zyicwery" {rN+ rCorr Int+6}
 59356 | Desolati | Found the +13 scythe of Curses {drain, Drain}
 59550 | Desolati | Identified the ring of Jonluphoga {Ice Int+6}
 59599 | Desolati | Got Sif Muna's Directory of Heated Curses
 59927 | Desolati | Identified the amulet "Arumm" {Spirit Contam Rampage rC-
                  | Regen+}
 60198 | Desolati | Identified the +11 battleaxe "Hago" {vorpal, Int+6}
 61455 | Vaults:2 | You fall into a shaft and drop 2 floors!
 61894 | Vaults:4 | Reached XP level 24. HP: 137/148 MP: 0/24
 61950 | Vaults:4 | Reached skill level 10 in Armour
 64787 | Elf:3    | You paid a toll of a +6 demon trident to enter a treasure
                  | trove
 64788 | Trove    | Entered a treasure trove
 64800 | Trove    | Identified the ring "Igger" {rN+ Str+6 Int+2 SInv}
 64802 | Trove    | Identified the ring "Nuhion" {+Blink rN+}
 64806 | Trove    | Identified the ring "Xyfejyitz" {rN+ Str+6}
 64818 | Trove    | Identified the amulet of Gethrasch {RegenMP Harm}
 64824 | Trove    | Identified the ring "Walad" {Will+ Str+2}
 66010 | Vaults:4 | Got the Catalogue of Lightning
 66180 | Vaults:4 | Noticed Saint Roka
 66232 | Vaults:4 | Killed Saint Roka
 66704 | Vaults:4 | Noticed Frederick
 66707 | Vaults:4 | Killed Frederick
 67094 | Vaults:5 | Entered Level 5 of the Vaults
 67488 | Vaults:4 | Reached XP level 25. HP: 131/152 MP: 0/24
 67791 | Vaults:5 | Noticed a dread lich
 67896 | Vaults:4 | Killed a dread lich
 67944 | Vaults:4 | Reached skill level 15 in Armour
 68216 | Vaults:5 | Noticed an ancient lich
 68284 | Vaults:4 | Killed an ancient lich
 71034 | Vaults:5 | Noticed an ancient lich
 71036 | Vaults:5 | Killed an ancient lich
 71037 | Vaults:5 | Reached skill level 15 in Fighting
 71371 | Vaults:5 | Reached XP level 26. HP: 161/161 MP: 24/30
 71430 | Vaults:5 | Noticed Sojobo
 71606 | Vaults:5 | Killed Sojobo
 71607 | Vaults:5 | Reached skill level 5 in Spellcasting
 71651 | Vaults:5 | Identified the +2 leather armour of Eternal Vigilance
                  | {-Cast +Inv rN+++ SInv}
 71761 | Vaults:5 | Identified the +7 long sword of the Threshing Gods {drain,
                  | rElec}
 72071 | Vaults:5 | Identified the +10 great sword of Duty {vamp, *Rage rElec
                  | rC+ Dex+2}
 72392 | Vaults:5 | Got a silver rune of Zot
 72707 | Vaults:5 | Got the Grimoire of Scorching Variation
 72768 | Vaults:5 | Reached XP level 27. HP: 127/168 MP: 0/32
 73444 | Vaults:2 | Bought a potion of haste for 130 gold pieces
 73444 | Vaults:2 | Bought a potion of haste for 130 gold pieces
 73444 | Vaults:2 | Bought a potion of heal wounds for 65 gold pieces
 73450 | Vaults:2 | Bought a potion of mutation for 120 gold pieces
 73450 | Vaults:2 | Bought a potion of heal wounds for 75 gold pieces
 73450 | Vaults:2 | Bought a potion of heal wounds for 75 gold pieces
 73452 | Vaults:2 | Bought a faintly humming leather armour for 259 gold pieces
 73452 | Vaults:2 | Identified the +2 leather armour of the Onion {Str+7} (You
                  | bought it in a shop on level 2 of the Vaults)
 73456 | Vaults:2 | Bought a transparent leather armour for 343 gold pieces
 73456 | Vaults:2 | Identified the +4 leather armour "Umappa" {rPois Will+}
                  | (You bought it in a shop on level 2 of the Vaults)
 73514 | Vaults:2 | Bought the +5 robe of Night {Dark Will+ SInv} for 1560 gold
                  | pieces
 73514 | Vaults:2 | Found the +5 robe of Night {Dark Will+ SInv}
 73574 | Vaults:2 | Bought a scroll of blinking for 172 gold pieces
 73574 | Vaults:2 | Bought a scroll of teleportation for 69 gold pieces
 73574 | Vaults:2 | Bought a scroll of teleportation for 69 gold pieces
 73574 | Vaults:2 | Bought a scroll of teleportation for 69 gold pieces
 73574 | Vaults:2 | Bought a scroll of teleportation for 69 gold pieces
 73574 | Vaults:2 | Bought a scroll of magic mapping for 172 gold pieces
 73576 | Vaults:2 | Bought a scroll of teleportation for 60 gold pieces
 73578 | Vaults:2 | Bought a scroll of blinking for 97 gold pieces
 73595 | Crypt:1  | Entered Level 1 of the Crypt
 75235 | Vaults:2 | Bought a scroll of acquirement for 676 gold pieces
 75235 | Vaults:2 | Acquired a manual of Fighting
 75595 | D:3      | Fell from the grace of Gozag
 75595 | D:3      | Became a worshipper of Dithmenos the Shadowed
 76505 | Crypt:2  | Identified the +11 morningstar of the Open Hand {protect,
                  | rElec rPois rF+ rN+}
 76720 | Crypt:2  | Noticed a dread lich
 76849 | Crypt:2  | Killed a dread lich
 76940 | Crypt:2  | Reached * piety under Dithmenos
 77318 | Crypt:2  | Found a shimmering blue altar of Sif Muna.
 77360 | Crypt:2  | Identified the +8 spear of Oloifeg {speed, rElec Int+3
                  | Dex-2}
 77382 | Crypt:2  | Got the Incunabulum of Companions
 78048 | Crypt:2  | Reached skill level 1 in Invocations
 78145 | Crypt:2  | Reached ** piety under Dithmenos
 78469 | Crypt:3  | Entered Level 3 of the Crypt
 78837 | Crypt:3  | Reached skill level 5 in Invocations
 78955 | Crypt:3  | Found a basalt altar of Yredelemnul.
 79070 | Crypt:3  | Reached *** piety under Dithmenos
 79727 | Crypt:3  | Identified the +0 plate armour "Hath" {Dex+3}
 79766 | Crypt:3  | Identified the +5 war axe "Dragonslayer" {flame, rC+ Dex+4}
 79886 | Crypt:3  | Reached **** piety under Dithmenos
 79940 | Crypt:3  | Noticed a dread lich
 80029 | Crypt:3  | Killed a dread lich
 80030 | Crypt:3  | Found a staircase to the Tomb.
 80149 | Crypt:3  | Reached skill level 10 in Invocations
 80415 | Crypt:3  | Got the Octavo of Gusts and Hurting
 82426 | Slime:5  | Found a viscous altar of Jiyva.
 85499 | Slime:5  | Killed the Royal Jelly
 85704 | Slime:5  | Got the Guidebook on Venin
 85719 | Slime:5  | Identified the +9 trident "Hacuna" {flame, *Rage rElec
                  | Dex+3}
 85733 | Slime:5  | Identified the +1 hat of Zabifrar {Dex+4}
 85758 | Slime:5  | Got a slimy rune of Zot
 85780 | Slime:5  | Identified the amulet "Qykluh" {Reflect Regen+ SH+5 SInv
                  | Stlth+}
 85787 | Slime:5  | Identified the +9 great sword of Hess {vorpal, Int+4}
 86300 | D:15     | Entered Level 15 of the Dungeon
 86576 | D:15     | Found a staircase to the Depths.
 87323 | Depths:1 | Entered Level 1 of the Depths
 87504 | Depths:1 | Found a one-way gate leading to the halls of Pandemonium.
 88663 | Depths:1 | Found a gateway to Hell.
 88697 | Depths:1 | Found a white marble altar of Elyvilon.
 89153 | Depths:1 | Found a one-way gateway to a ziggurat.
 89402 | Depths:2 | Found a flickering gateway to a bazaar.
 89410 | Bazaar   | Entered a bazaar
 89448 | Bazaar   | Found Neuleicof's Book Shoppe.
 89456 | Bazaar   | Found Giptiuri's Antique Weapon Shoppe.
 89548 | Bazaar   | Found Usosa's Magic Scroll Boutique.
 89581 | Bazaar   | Found Ciptat's General Store.
 89589 | Bazaar   | Found Totwues's Antique Armour Emporium.
 89665 | Bazaar   | Bought a scroll of teleportation for 48 gold pieces
 89665 | Bazaar   | Bought 3 scrolls of teleportation for 144 gold pieces
 89791 | Depths:2 | Reached ***** piety under Dithmenos
 90362 | Depths:2 | Found a broken altar of Ashenzari.
 90415 | Depths:2 | Found a transporter.
 90577 | Depths:2 | Noticed the Enchantress
 90992 | Depths:2 | Killed the Enchantress
 91561 | Depths:2 | Found a transporter.
 91565 | Depths:2 | Identified the ring "Biokhlowk" {Ice Drain Fly rN+ Str+2}
 91589 | Depths:2 | Identified the amulet "Efeakh" {RegenMP Harm Fragile Will+}
 92278 | Depths:4 | Entered Level 4 of the Depths
 93316 | Tomb:1   | Entered Level 1 of the Tomb of the Ancients
 94420 | Tomb:1   | Noticed a royal mummy
 94542 | Tomb:1   | Noticed a royal mummy
 94543 | Tomb:1   | Noticed a royal mummy
 94546 | Tomb:1   | Killed a royal mummy
 94547 | Tomb:1   | Was forgiven by Gozag
 94550 | Tomb:1   | Killed a royal mummy
 94650 | Tomb:1   | Noticed a royal mummy
 94650 | Tomb:1   | Noticed a royal mummy
 94652 | Tomb:1   | Killed a royal mummy
 94653 | Tomb:1   | Killed a royal mummy
 94681 | Tomb:1   | Noticed a royal mummy
 94683 | Tomb:1   | Killed a royal mummy
 94685 | Tomb:1   | Noticed a royal mummy
 94687 | Tomb:1   | Killed a royal mummy
 94715 | Tomb:1   | Noticed a royal mummy
 94717 | Tomb:1   | Killed a royal mummy
 94791 | Tomb:1   | Noticed a royal mummy
 94793 | Tomb:1   | Killed a royal mummy
 94795 | Tomb:1   | Noticed a royal mummy
 94797 | Tomb:1   | Killed a royal mummy
 94833 | Tomb:1   | Noticed a royal mummy
 94835 | Tomb:1   | Killed a royal mummy
 94836 | Tomb:1   | Reached skill level 15 in Invocations
 94847 | Tomb:1   | Noticed a royal mummy
 94849 | Tomb:1   | Noticed a royal mummy
 94857 | Tomb:1   | Killed a royal mummy
 94861 | Tomb:1   | Noticed a royal mummy
 94862 | Tomb:1   | Killed a royal mummy
 94870 | Tomb:1   | Noticed a royal mummy
 94874 | Tomb:1   | Killed a royal mummy
 94876 | Tomb:1   | Killed a royal mummy
 95017 | Tomb:1   | Noticed a royal mummy
 95017 | Tomb:1   | Noticed a royal mummy
 95019 | Tomb:1   | Killed a royal mummy
 95420 | Tomb:1   | Killed a royal mummy
 95506 | Tomb:2   | Noticed a royal mummy
 95515 | Tomb:2   | Killed a royal mummy
 95516 | Tomb:2   | Reached skill level 27 in Fighting
 95534 | Tomb:2   | Noticed a royal mummy
 95552 | Tomb:2   | Killed a royal mummy
 95568 | Tomb:2   | Noticed a royal mummy
 95641 | Tomb:2   | Killed a royal mummy
 95780 | Tomb:2   | Noticed a royal mummy
 95784 | Tomb:2   | Noticed a royal mummy
 96111 | Tomb:2   | Reached ****** piety under Dithmenos
 96277 | Tomb:2   | Killed a royal mummy
 96537 | Tomb:2   | Killed a royal mummy
 96858 | Tomb:1   | Killed a royal mummy
 97336 | Tomb:1   | Noticed a royal mummy
 97363 | Tomb:1   | Killed a royal mummy
 98279 | Tomb:3   | Entered Level 3 of the Tomb of the Ancients
 98428 | Tomb:3   | Identified the +2 triple sword "Doise" {holy, Contam rPois
                  | SInv}
 98513 | Tomb:3   | Identified the +6 plate armour of the Insatiable Quests
                  | {Int+3 Stlth+}
 98579 | Tomb:3   | Got Sif Muna's Grimoire of the Wind and Hexes
 98585 | Tomb:3   | Identified the +0 swamp dragon scales of the Trilobite
                  | {Harm rPois rF+++ MP-9 Str-2}
 98630 | Tomb:3   | Noticed a royal mummy
 98631 | Tomb:3   | Killed a royal mummy
 98777 | Tomb:3   | Noticed a royal mummy
 98965 | Tomb:3   | Noticed a royal mummy
 99133 | Tomb:3   | Noticed a royal mummy
 99154 | Tomb:3   | Noticed a royal mummy
 99180 | Tomb:3   | Noticed a royal mummy
 99186 | Tomb:3   | Noticed a royal mummy
 99196 | Tomb:2   | Killed a royal mummy
 99527 | Tomb:3   | Identified the +1 pair of boots of Mental Paralysis {rElec
                  | rPois rC+}
 99539 | Tomb:3   | Noticed a royal mummy
 99551 | Tomb:3   | Killed a royal mummy
 99555 | Tomb:3   | Noticed a royal mummy
 99570 | Tomb:2   | Killed a royal mummy
 99687 | Tomb:3   | Killed a royal mummy
 99705 | Tomb:3   | Killed a royal mummy
100328 | Tomb:3   | Killed a royal mummy
100423 | Tomb:3   | Killed a royal mummy
100616 | Tomb:3   | Killed a royal mummy
100702 | Tomb:3   | Got a golden rune of Zot
100854 | Tomb:2   | Upgraded the game from 0.30-a0-364-gf6b3ef1049 to
                  | 0.30-a0-365-ge7f957f1db
100895 | Tomb:2   | Gained mutation: You have hidden genetic defects.
                  | [mutagenic glow]
102742 | Depths:3 | Reached skill level 1 in Shields
102970 | Depths:3 | Found the +6 Majin-Bo {vamp, MP+6 Int+6}
103000 | Depths:3 | Noticed an ancient lich
103026 | Depths:3 | Killed an ancient lich
103510 | Depths:4 | Noticed Xtahua
103512 | Depths:4 | Killed Xtahua
103514 | Depths:4 | Gained mutation: You are weak. (Str -2) [hidden defects]
103564 | Depths:4 | Lost mutation: Your natural rate of healing is unusually
                  | fast. [potion of mutation]
103564 | Depths:4 | Lost mutation: You possess an exceptional clarity of mind.
                  | [potion of mutation]
103564 | Depths:4 | Lost mutation: Armour fits poorly on your strangely shaped
                  | body. [potion of mutation]
103564 | Depths:4 | Gained mutation: Your body sometimes deteriorates upon
                  | taking damage. [potion of mutation]
103565 | Depths:4 | Lost mutation: Your body sometimes deteriorates upon taking
                  | damage. [potion of mutation]
103565 | Depths:4 | Lost mutation: You are weak. (Str -2) [potion of mutation]
103565 | Depths:4 | Gained mutation: You are robust. (+10% HP) [potion of
                  | mutation]
103566 | Depths:4 | Lost mutation: You are agile. (Dex +4, Str/Int -1) [potion
                  | of mutation]
103566 | Depths:4 | Lost mutation: You are robust. (+10% HP) [potion of
                  | mutation]
103566 | Depths:4 | Gained mutation: You have terrible hidden genetic defects.
                  | [potion of mutation]
103566 | Depths:4 | Gained mutation: Your flesh is heat resistant. (rF+)
                  | [potion of mutation]
103567 | Depths:4 | Lost mutation: You have terrible hidden genetic defects.
                  | [potion of mutation]
103567 | Depths:4 | Lost mutation: Your flesh is heat resistant. (rF+) [potion
                  | of mutation]
103567 | Depths:4 | Lost mutation: You have hidden genetic defects. [potion of
                  | mutation]
103567 | Depths:4 | Gained mutation: Your movements are slightly less
                  | encumbered by armour. (ER -2) [potion of mutation]
103567 | Depths:4 | Gained mutation: You expend magic power (3 MP) to
                  | strengthen your wands. [potion of mutation]
103624 | Depths:4 | Reached skill level 5 in Shields
104125 | Depths:4 | Found a gate to the Realm of Zot.
105044 | Hell     | Entered the Vestibule of Hell
105068 | Hell     | Noticed Geryon
105499 | Hell     | Killed Geryon
105955 | Hell     | Found a gateway to the Iron City of Dis.
106295 | Hell     | Found a gateway to the decaying netherworld of Tartarus.
106407 | Hell     | Found a gateway to the freezing wastes of Cocytus.
106569 | Hell     | Found a gateway to the ashen valley of Gehenna.
106592 | Hell     | Reached skill level 10 in Shields
106954 | Pan      | Entered Pandemonium
108943 | Pan      | Noticed Cuuklaf the pandemonium lord
109065 | Pan      | Killed Cuuklaf the pandemonium lord
109401 | Pan      | Got a demonic rune of Zot
112200 | Pan      | Noticed Tuwn the pandemonium lord
112212 | Pan      | Killed Tuwn the pandemonium lord
112405 | Pan      | Found a runed translucent door.
112627 | Pan      | Noticed Myghaf the pandemonium lord
112629 | Pan      | Killed Myghaf the pandemonium lord
112716 | Pan      | Reached skill level 15 in Shields
112852 | Pan      | Noticed Ignacio
113493 | Pan      | Killed Ignacio
114793 | Pan      | Noticed Zupna the pandemonium lord
114795 | Pan      | Killed Zupna the pandemonium lord
115753 | Pan      | Noticed Kiseivos the pandemonium lord
115756 | Pan      | Killed Kiseivos the pandemonium lord
115797 | Depths:1 | Escaped Pandemonium
116257 | Elf:2    | Acquired a manual of Shields
116586 | Vaults:2 | Bought a scroll of enchant weapon for 150 gold pieces
116589 | Vaults:2 | Bought a scroll of enchant weapon for 172 gold pieces
117130 | Pan      | Entered the realm of Lom Lobon.
117130 | Pan      | Entered Pandemonium
117462 | Pan      | Noticed Lom Lobon
118367 | Pan      | Killed Lom Lobon
118441 | Pan      | Got a magical rune of Zot
119634 | Pan      | Gained mutation: You are frail. (-10% HP) [a cacodemon]
120181 | Pan      | Noticed Rymp the pandemonium lord
120183 | Pan      | Killed Rymp the pandemonium lord
120949 | Pan      | Gained mutation: You are weak. (Str -2) [a cacodemon]
120953 | Pan      | Noticed Myrano the pandemonium lord
121215 | Pan      | Lost mutation: You are weak. (Str -2) [potion of mutation]
121215 | Pan      | Lost mutation: You are frail. (-10% HP) [potion of
                  | mutation]
121215 | Pan      | Gained mutation: Your muscles are strong. (Str +4, Int/Dex
                  | -1) [potion of mutation]
121446 | Pan      | Noticed Hisigh the pandemonium lord
121504 | Pan      | Killed Hisigh the pandemonium lord
121613 | Pan      | Entered the realm of Cerebov.
122069 | Pan      | Identified the ring "Townolam" {+Blink Int+6}
122260 | Pan      | Identified the +1 robe of the Game of Kings {rElec rPois
                  | Int-2}
122262 | Pan      | Identified the +6 longbow of Circular Logic {drain, +Blink
                  | MP+9}
122292 | Pan      | Identified the +5 short sword of Misery {flame, rPois
                  | rCorr}
122294 | Pan      | Identified the +1 dagger "Boipet" {drain, rPois Str+3
                  | Dex-3}
122318 | Pan      | Found the +6 sword of Cerebov {flame}
122318 | Pan      | Noticed Cerebov
123352 | Pan      | Found an exit through the horrors of the Abyss.
124214 | Pan      | Killed Cerebov
124220 | Pan      | Got a fiery rune of Zot
124441 | Pan      | Found an exit through the horrors of the Abyss.
124501 | Pan      | Noticed Sax Uful the pandemonium lord
124519 | Pan      | Killed Sax Uful the pandemonium lord
125308 | Pan      | Entered the realm of Gloorx Vloq.
125411 | Pan      | Noticed Gloorx Vloq
125458 | Pan      | Killed Gloorx Vloq
125481 | Pan      | Got a dark rune of Zot
125762 | Pan      | Identified the +10 flail of Distant Worlds {drain, *Corrode
                  | +Blink Int-4 SInv}
125762 | Pan      | Noticed a seraph
125764 | Pan      | Killed a seraph
125767 | Pan      | Identified the ring of Rinnat Ulirph {rF- MP+9 Int+5}
125769 | Pan      | Identified the +4 great mace of Tenacity {elec, Will+}
125778 | Pan      | Found a glowing golden altar of the Shining One.
125795 | Pan      | Identified the -1 buckler of Goriromm {+Blink Regen+ Int+4
                  | Dex+2}
127515 | Pan      | Identified the +3 tower shield of Dopu {Int+7 Dex-2}
127516 | Pan      | Found a glowing silver altar of Zin.
129034 | Pan      | Noticed Emeasot the pandemonium lord
129648 | Pan      | Found an exit through the horrors of the Abyss.
129662 | Pan      | Entered the realm of Mnoleg.
129668 | Pan      | Gained mutation: You are clumsy. (Dex -2) [a neqoxec]
129669 | Pan      | Gained mutation: You are very clumsy. (Dex -4) [a neqoxec]
129815 | Pan      | Noticed Mnoleg
129819 | Pan      | Gained mutation: You are vulnerable to cold. (rC-) [a
                  | shining eye]
129824 | Pan      | Killed Mnoleg
129829 | Pan      | Gained mutation: Potions are less effective at restoring
                  | your health. [a neqoxec]
129888 | Pan      | Got a glowing rune of Zot
129918 | Pan      | Gained mutation: Your magical capacity is low. (-10% MP) [a
                  | neqoxec]
129961 | Depths:1 | Escaped Pandemonium
130007 | Depths:1 | Lost mutation: You are very clumsy. (Dex -4) [potion of
                  | mutation]
130007 | Depths:1 | Lost mutation: You expend magic power (3 MP) to strengthen
                  | your wands. [potion of mutation]
130007 | Depths:1 | Lost mutation: Your magical capacity is low. (-10% MP)
                  | [potion of mutation]
130007 | Depths:1 | Lost mutation: You are vulnerable to cold. (rC-) [potion of
                  | mutation]
130007 | Depths:1 | Gained mutation: You are robust. (+10% HP) [potion of
                  | mutation]
130008 | Depths:1 | Lost mutation: Your muscles are strong. (Str +4, Int/Dex
                  | -1) [potion of mutation]
130008 | Depths:1 | Lost mutation: You are clumsy. (Dex -2) [potion of
                  | mutation]
130042 | Depths:1 | Lost mutation: Your movements are slightly less encumbered
                  | by armour. (ER -2) [potion of mutation]
130042 | Depths:1 | Lost mutation: Potions are less effective at restoring your
                  | health. [potion of mutation]
130042 | Depths:1 | Gained mutation: You expend magic power (3 MP) to
                  | strengthen your wands. [potion of mutation]
130042 | Depths:1 | Lost mutation: You are robust. (+10% HP) [potion of
                  | mutation]
130042 | Depths:1 | Gained mutation: You do not regenerate when monsters are
                  | visible. [potion of mutation]
130043 | Depths:1 | Lost mutation: You expend magic power (3 MP) to strengthen
                  | your wands. [potion of mutation]
130043 | Depths:1 | Lost mutation: You do not regenerate when monsters are
                  | visible. [potion of mutation]
130043 | Depths:1 | Gained mutation: Your muscles are strong. (Str +4, Int/Dex
                  | -1) [potion of mutation]
130043 | Depths:1 | Gained mutation: Your spells are a little harder to cast,
                  | but a little more powerful. [potion of mutation]
130043 | Depths:1 | Gained mutation: You are somewhat resistant to further
                  | mutation. [potion of mutation]
130157 | Dis:1    | Entered Level 1 of the Iron City of Dis
131520 | Dis:2    | Noticed an ancient lich
131523 | Dis:2    | Killed an ancient lich
131605 | Dis:2    | You fall into a shaft and drop 1 floor!
132032 | Dis:7    | Entered Level 7 of the Iron City of Dis
132357 | Dis:7    | Reached skill level 27 in Shields
132389 | Dis:7    | Identified the +0 ring mail of Xom's Reproof {Will+}
132390 | Dis:7    | Identified the ring of the Iron Devil {rElec Int+4 Dex+4
                  | SInv}
132392 | Dis:7    | Identified the ring "Ukhlaepoa" {rC+ Str+6 Stlth+}
132672 | Dis:7    | Identified the +10 plate armour of Vehumet's Generosity
                  | {Stlth+}
132673 | Dis:7    | Identified the +10 morningstar of Bright Trial by Ordeal
                  | {holy, rPois rC+ Int-2 Dex+7}
132682 | Dis:7    | Found the +4 staff of Dispater
132682 | Dis:7    | Noticed Dispater
132695 | Dis:7    | Killed Dispater
132698 | Dis:7    | Got an iron rune of Zot
133137 | Dis:7    | Noticed a dread lich
133139 | Dis:7    | Killed a dread lich
133311 | Tar:1    | Entered Level 1 of Tartarus
134718 | Tar:4    | Noticed a dread lich
134722 | Tar:4    | Killed a dread lich
135308 | Tar:6    | Noticed a dread lich
135310 | Tar:6    | Killed a dread lich
135668 | Tar:7    | Entered Level 7 of Tartarus
136067 | Tar:7    | Identified the +6 plate armour "Picef" {Harm Rampage *Slow
                  | rF+}
136069 | Tar:7    | Found the +10 tower shield of Ignorance {rN+ Int-4}
136070 | Tar:7    | Identified the +2 hat of Music {Regen+ Str+7 SInv Stlth-}
136072 | Tar:7    | Found the +5 Lochaber axe {reach-cleave, poleaxe, Drain}
136073 | Tar:7    | Got a bone rune of Zot
136102 | Tar:7    | Identified the +1 ring mail of the Ubiquitous Louse {rF+
                  | rN+ Str-4 Int+3}
136142 | Tar:7    | Identified the +4 great sword of Gallantry {freeze, rF+
                  | Int+3}
136145 | Tar:7    | Noticed Ereshkigal
136170 | Tar:7    | Killed Ereshkigal
136394 | Coc:1    | Entered Level 1 of Cocytus
136666 | Coc:3    | Noticed a dread lich
136666 | Coc:3    | Noticed a dread lich
136668 | Coc:3    | Killed a dread lich
136669 | Coc:3    | Noticed an ancient lich
136671 | Coc:3    | Noticed a dread lich
136671 | Coc:3    | Noticed a dread lich
136689 | Coc:3    | Killed an ancient lich
136692 | Coc:3    | Killed a dread lich
136701 | Coc:3    | Killed a dread lich
136739 | Coc:3    | Noticed a shard shrike
136743 | Coc:3    | Killed a dread lich
136748 | Coc:3    | Noticed a shard shrike
136749 | Coc:3    | Noticed a shard shrike
136751 | Coc:3    | Noticed a shard shrike
136756 | Coc:3    | Noticed a shard shrike
136766 | Coc:3    | Killed a shard shrike
136769 | Coc:3    | Killed a shard shrike
136774 | Coc:3    | Noticed a shard shrike
136778 | Coc:3    | Killed a shard shrike
136780 | Coc:3    | Killed a shard shrike
136788 | Coc:3    | Noticed a shard shrike
137112 | Coc:3    | Killed a shard shrike
137123 | Coc:3    | Killed a shard shrike
137246 | Coc:3    | Killed a shard shrike
137674 | Coc:4    | Noticed a shard shrike
137680 | Coc:4    | Noticed a shard shrike
137680 | Coc:4    | Noticed a shard shrike
137690 | Coc:4    | Killed a shard shrike
137698 | Coc:4    | Killed a shard shrike
137726 | Coc:4    | Killed a shard shrike
138061 | Coc:5    | Noticed a shard shrike
138062 | Coc:5    | Noticed a shard shrike
138063 | Coc:5    | Killed a shard shrike
138113 | Coc:5    | Noticed a shard shrike
138114 | Coc:5    | Noticed a shard shrike
138115 | Coc:5    | Killed a shard shrike
138117 | Coc:5    | Killed a shard shrike
138181 | Coc:6    | Noticed a shard shrike
138184 | Coc:6    | Killed a shard shrike
138189 | Coc:6    | Noticed a shard shrike
138204 | Coc:6    | Noticed a shard shrike
138208 | Coc:6    | Noticed a shard shrike
138285 | Coc:6    | Killed a shard shrike
138553 | Coc:6    | Killed a shard shrike
138869 | Coc:6    | Killed a shard shrike
138879 | Coc:7    | Entered Level 7 of Cocytus
138985 | Coc:7    | Noticed a dread lich
138988 | Coc:7    | Killed a dread lich
139222 | Coc:7    | Reached skill level 27 in Invocations
139256 | Coc:7    | Noticed a shard shrike
139258 | Coc:7    | Noticed a shard shrike
139272 | Coc:7    | Killed a shard shrike
139274 | Coc:7    | Killed a shard shrike
139607 | Coc:7    | Noticed Antaeus
139610 | Coc:7    | Killed Antaeus
139627 | Coc:7    | Got an icy rune of Zot
139842 | Coc:7    | Noticed a shard shrike
139847 | Coc:7    | Noticed a shard shrike
140083 | Geh:1    | Entered Level 1 of Gehenna
140258 | Geh:1    | Noticed a juggernaut
140260 | Geh:1    | Killed a juggernaut
140287 | Geh:1    | Noticed a juggernaut
140369 | Geh:1    | Killed a juggernaut
140411 | Geh:1    | Noticed a juggernaut
140417 | Geh:1    | Noticed a juggernaut
140427 | Hell     | Killed a juggernaut
140633 | Hell     | Killed a juggernaut
141560 | Geh:3    | Noticed an ancient lich
141568 | Geh:3    | Killed an ancient lich
142255 | Geh:4    | Noticed an ancient lich
142271 | Geh:4    | Killed an ancient lich
142598 | Geh:5    | Noticed an ancient lich
142633 | Geh:5    | Killed an ancient lich
142640 | Geh:5    | Noticed an ancient lich
142661 | Geh:5    | Killed an ancient lich
142969 | Geh:5    | Noticed an ancient lich
142975 | Geh:5    | Killed an ancient lich
143710 | Geh:6    | Noticed an ancient lich
143715 | Geh:6    | Killed from afar by an ancient lich

Illustrated notes

Levels and vault maps discovered:
D:1:      dpeg_arrival_prison, layout_rooms
D:2:      layout_basic
D:3:      layout_basic, nicolae_overflow_hidden_temple,
          nicolae_ecumenical_pavilion, serial_forest,
          infiniplex_forest_clump_tiny, infiniplex_forest_diagonal,
          infiniplex_forest_end_3, infiniplex_forest_split,
          infiniplex_forest_lined_room_, gammafunk_ghost_stat_death,
          minivault_25, uniq_natasha
D:4:      layout_basic, minmay_temple_entry_slanted
D:5:      layout_basic, nicolae_qazlal_general_emergency,
          mainiacjoe_overflow_cross_hatched, mainiacjoe_overflow_catwalk,
          lemuel_coloured_pillars_altar, hangedman_abyss_or_decor_passed,
          st_stairs_1, hangedman_feature_mirror, minmay_hollow_rounded_squares,
          uniq_grinder, uniq_ijyb, uniq_edmund
D:6:      layout_loops_ring, nicolae_shop_vocational
D:7:      lemuel_slime, layout_basic, uniq_menkaure, uniq_crazy_yiuf_cottage
D:8:      layout_loops_ring, serial_ice, serial_ice_c, serial_ice_o,
          serial_ice_n, serial_ice_d, serial_ice_h, serial_ice_g
D:9:      layout_rooms, lair_entry_dummy, minmay_checkerbox
D:10:     lemuel_reptile_caves, layout_stronghold, kennysheep_vampire_church
D:11:     layout_roguey, orc_0_dummy, serial_shops, freezing_bzr,
          nicolae_stop_n_shop_2, nicolae_stop_n_shop_1,
          nicolae_shop_behind_doors, grunt_tough_drop
D:12:     layout_cave_pods, minmay_fountain_box, minmay_unpleasant_kobolds,
          uniq_nessos, uniq_snorg, uniq_urug
D:13:     layout_basic
D:14:     lemuel_vampire_tower, layout_irregular_city,
          grunt_vaults_entry_tiered, dreamdust_mushroom_princess
D:15:     gammafunk_depths_entry_grave, layout_long_grid, grunt_decor_fettered
Temple:   nicolae_temple_god_jail
Lair:1:   layout_gridlike, eino_small_chamber_without_monster
Lair:2:   layout_gridlike, nicolae_swamp_entry_splash_gauntlet,
          guppyfry_snake_entry_island, uniq_fannar
Lair:3:   layout_loops_ring, grunt_megastairs_2
Lair:4:   wad_woods_structure_01, layout_loops_ring, uniq_rupert
Lair:5:   wormcave, layout_cave_pods, guppyfry_lair_end_dragon,
          nicolae_slime_entry_slimehenge
Swamp:1:  layout_falls_marsh, gammafunk_ghost_abyssal_escape,
          evilmike_swamp_ruin_house_5, swamp_pool5
Swamp:2:  layout_falls_marsh, evilmike_swamp_ruin_rubble_2, swamp_pool2,
          infiniplex_staircase_pool_2, uniq_nikola
Swamp:3:  layout_basic_swamp, nicolae_swamp_fairy_circle, swamp_pool1,
          uniq_aizul, uniq_donald
Swamp:4:  grunt_swamp_rune_castle, layout_basic_swamp, swamp_pool3,
          infiniplex_staircase_pool, uniq_bai_suzhen
Snake:1:  layout_rooms, serial_shops, nicolae_take_the_stairs,
          gammafunk_ghost_split, uniq_kirke
Snake:2:  layout_cave_pods, nicolae_integral_box
Snake:3:  layout_misc_corridors
Snake:4:  grunt_snake_rune_serpentine_throne, layout_cave_town, serial_shops,
          nicolae_shop_crystal, uniq_louise
Slime:1:  layout_caves
Slime:2:  layout_caves
Slime:3:  layout_caves, uniq_dissolution
Slime:4:  layout_caves
Slime:5
Orc:1:    dreamdust_wu_jian_sword_trials, layout_caves
Orc:2:    hellmonk_orc_salted, layout_diamond_mine, serial_shops,
          nicolae_shop_behind_doors, shop_fountains, nicolae_shop_waterfront,
          uniq_sonja
Elf:1:    nicolae_elf_arrival_no_cutting_in_line, layout_geoelf_octagon,
          special_room [special_room_orc], minmay_elf_crystal_heptagon
Elf:2:    nicolae_elf_blades_crystal_corner, layout_geoelf_diagonals
Elf:3:    minmay_elf_hall_circle, layout_gridlike, enter_trove_5, serial_shops,
          nicolae_shop_stone
Vaults:1: grunt_vaults_swirl, v_misc_17, vaults_room_fancy_cross,
          nicolae_vaults_statue_guard, nicolae_vaults_sealed_display,
          v_pattern_4, vaults_room_door_ring, vaults_mumra_minichess,
          hangedman_vaults_hat, hangedman_vaults_stitches, v_misc_23,
          vaults_dpeg_emergency_exit, layout_vaults_omnicross,
          serial_hangedman_research, hangedman_research_thermodynamics,
          hangedman_research_convocations
Vaults:2: portal_desolation_entry_twin_temple, v_misc_5, hangedman_vaults_locks,
          v_rooms_4, minmay_crypt_entry_simple_round, nicolae_vaults_alarming,
          vaults_mumra_chevron, nicolae_vaults_diagonal_hallway_6,
          vaults_dpeg_diagonal, vaults_dpeg_hooks,
          nicolae_vaults_hallways_thing, nicolae_vaults_little_squares_3,
          v_misc_28, layout_vaults_maze
Vaults:3: hangedman_vaults_nails, v_misc_5, v_misc_3, v_misc_5,
          nicolae_vaults_network_square, hangedman_vaults_unwind,
          vaults_room_fancy_cross, nicolae_vaults_specimen_jars,
          vaults_dpeg_ring, v_misc_13, grunt_vaults_hallway_long,
          layout_vaults_ring
Vaults:4: nicolae_vaults_big_ls, v_misc_22, kb_rosetta, vaults_room_door_hall,
          vaults_standard_mumra_x, v_misc_3, vaults_room_stairs_pillars,
          layout_vaults_omnigrid, uniq_frederick, uniq_saint_roka
Vaults:5: uniq_sojobo
Crypt:1:  layout_gridlike, st_stairs_4
Crypt:2:  layout_regular_city, ebering_dispersal_statue_hall,
          hangedman_summoners_spam, roderic_lattice_octagonal_star
Crypt:3:  grunt_crypt_end_deaths_head
Tomb:1
Tomb:2
Tomb:3
Depths:1: layout_gridlike, enter_ziggurat_b, grunt_pan_entry_spiral,
          pf_hell_entry_tar_spiral, elyvilon_altar_4, grunt_megastairs_4,
          firewood_loft
Depths:2: gammafunk_dig_for_victory, layout_cave_shapes,
          grunt_pan_entry_sceptre, serial_shops, bzr_in_the_mist,
          hangedman_geh_valley, ashenzari_altar_1, infiniplex_staircase_river,
          uniq_enchantress
Depths:3: minmay_guarded_unrand_majin_bo, layout_gridlike, abyss_entry,
          nicolae_water_bricks, hell_entry, st_stairs_4, lightli_corner_chamber
Depths:4: grunt_zot_entry_bicorn, layout_gridlike, abyss_entry_crystal,
          minivault_14, hell_entry, serial_bayou_shore_a, uniq_xtahua
Hell
Dis:1:    layout_overlapping_boxes
Dis:2:    layout_overlapping_boxes
Dis:3:    layout_regular_city
Dis:4:    layout_regular_city
Dis:5:    layout_subdivisions
Dis:6:    layout_subdivisions, hangedman_dis_chains
Dis:7:    iron_city_of_dis [dis_grunt, dis_wall_4], layout_gridville
Geh:1:    nicolae_hells_titanomachy
Geh:2:    layout_gehenna_pools_box, nicolae_hells_hurtin_island
Geh:3:    layout_gehenna_lava_caves
Geh:4:    layout_gehenna_lava_caves
Geh:5:    layout_gehenna_pools_basic, nicolae_geh_single_fiery_grave
Geh:6:    layout_gehenna_pools_triple
Coc:1:    layout_cocytus_water_paths
Coc:2:    layout_cocytus_delve
Coc:3:    layout_ice_bergs, nicolae_coc_liches_on_tour
Coc:4:    layout_ice_bergs
Coc:5:    layout_cocytus_delve
Coc:6:    layout_ice_bergs
Coc:7:    coc_old
Tar:1:    layout_honeycomb, nicolae_tar_cuneiform_bird
Tar:2:    layout_honeycomb
Tar:3:    layout_grid_maze
Tar:4:    layout_grid_maze, nicolae_tar_spectre_spectrum
Tar:5:    layout_honeycomb, nicolae_tar_cuneiform_three
Tar:6:    layout_cathedral_of_symmetry
Tar:7:    tar_minmay_river

Skill      XL: |  1  2  3  4  5  6  7  8  9 10 11 12 13 14 15 16 17 18 19 20 21 22 23 24 25 26 27 |
---------------+----------------------------------------------------------------------------------+-----
Short Blades   | 5 6 7 8 9 10 12 13 16 20 21 23 27 | 27.0
Stealth        | 4 5 7 10 12 14 16 20 22 25 27 | 27.0
Dodging        | 4 5 7 9 11 14 16 19 20 23 25 27 | 27.0
Fighting       | 5 6 7 10 12 13 14 15 16 27 | 27.0
Evocations     | 10 12 16 25 | 25.5
Armour         | 9 14 16 18 | 18.2
Spellcasting   | 4 6 |  6.4
Invocations    | 27 | 27.0
Shields        | 27 | 27.0

Action                   |  1- 3 |  4- 6 |  7- 9 | 10-12 | 13-15 | 16-18 | 19-21 | 22-24 | 25-27 || total
-------------------------+-------+-------+-------+-------+-------+-------+-------+-------+-------++-------
Melee: Short sword       |     9 |       |       |       |       |       |       |       |       ||     9
       Dagger            |    67 |   122 |   306 |   986 |  1776 |  1096 |  1189 |  1810 |  6689 || 14041
       Punch             |       |       |     6 |    19 |    37 |    15 |    25 |    54 |   108 ||   264
       Rapier            |       |       |       |       |       |       |       |       |  3443 ||  3443
Invok: Shadow Form       |       |       |       |       |       |       |       |       |    26 ||    26
       Call Merchant     |       |       |       |       |       |       |       |       |    10 ||    10
Evoke: Wand              |       |       |     3 |     2 |     4 |     8 |    16 |     3 |    47 ||    83
       Phial of floods   |       |       |       |       |     1 |     1 |     1 |     2 |     5 ||    10
       Box of beasts     |       |       |       |       |       |       |       |       |    20 ||    20
       Phantom mirror    |       |       |       |       |       |       |       |       |     8 ||     8
       Horn of Geryon    |       |       |       |       |       |       |       |       |     1 ||     1
  Use: Potion            |       |       |     7 |     3 |     5 |     3 |     5 |     5 |    67 ||    95
       Scroll            |       |       |     4 |    13 |     8 |     7 |     1 |    11 |    69 ||   113
 Stab: Sleeping          |    12 |    13 |    14 |    51 |    73 |    85 |    75 |   188 |   511 ||  1022
       Distracted        |       |       |     3 |    10 |    18 |    47 |    61 |    59 |   654 ||   852
       Invisible         |       |       |       |     3 |     3 |     5 |    10 |       |   147 ||   168
       Confused          |       |       |       |       |       |       |     1 |       |       ||     1
Armor: Robe              |     8 |    18 |    21 |    51 |   105 |    46 |    45 |    62 |   378 ||   734
       Shadow dragon sca |       |       |       |       |       |       |       |       |    67 ||    67
Dodge: Dodged            |    53 |    48 |   197 |   787 |  1413 |  1020 |  1418 |  2087 | 12725 || 19748
Block: Buckler           |       |       |       |       |       |       |       |       |  3964 ||  3964

Table legend: (Time is in decaauts)
 A = Elapsed time spent in this place.
 B = Non-inter-level travel time spent in this place.
 C = Inter-level travel time spent in this place.
 D = Time resting spent in this place.
 E = Time spent auto-exploring this place.
 F = Levels seen in this place.
 G = Mean time per level.
                   A        B        C        D        E       F      G
               +--------+--------+--------+--------+--------+-----+--------+
         Total | 136056 | 124456 |  11600 |  27436 |  61356 | 108 | 1259.8 |
       Dungeon |  21529 |  18298 |   3231 |   1752 |  12250 |  15 | 1435.3 |
        Temple |    118 |    116 |      2 |     27 |     70 |   1 |  118.0 |
          Lair |  10246 |   8840 |   1406 |   2089 |   4551 |   5 | 2049.2 |
         Swamp |   5849 |   5630 |    219 |   1796 |   2186 |   4 | 1462.2 |
     Snake Pit |   5409 |   4929 |    480 |    846 |   2966 |   4 | 1352.2 |
    Slime Pits |   7784 |   7547 |    237 |   4755 |   1091 |   5 | 1556.8 |
  Orcish Mines |   2536 |   2120 |    416 |      7 |   1493 |   2 | 1268.0 |
   Elven Halls |   7267 |   5899 |   1368 |    642 |   3814 |   3 | 2422.3 |
        Vaults |  15799 |  13996 |   1803 |   1690 |   8797 |   5 | 3159.8 |
         Crypt |   5770 |   5380 |    390 |    258 |   3539 |   3 | 1923.3 |
          Tomb |   7438 |   7048 |    390 |   2774 |   1487 |   3 | 2479.3 |
        Depths |   9206 |   8109 |   1097 |   1347 |   5035 |   4 | 2301.5 |
          Hell |   3396 |   3330 |     66 |   2133 |    487 |   1 | 3396.0 |
           Dis |   1728 |   1706 |     22 |    361 |      0 |   7 |  246.9 |
       Gehenna |   2489 |   2362 |    127 |    579 |   1151 |   6 |  414.8 |
       Cocytus |   3425 |   3235 |    190 |    755 |    926 |   7 |  489.3 |
      Tartarus |   2861 |   2712 |    149 |    802 |    886 |   7 |  408.7 |
         Abyss |   1263 |   1263 |      0 |     27 |     62 |   4 |  315.8 |
   Pandemonium |  20040 |  20040 |      0 |   4768 |   9181 |  18 | 1113.3 |
        Bazaar |    447 |    447 |      0 |      0 |    378 |   2 |  223.5 |
         Trove |     67 |     67 |      0 |      0 |      7 |   1 |   67.0 |
    Desolation |   1378 |   1378 |      0 |     24 |    997 |   1 | 1378.0 |
               +--------+--------+--------+--------+--------+-----+--------+

Top non-repeatable levels by time:
Vaults:4: 6266 daAuts
 Slime:5: 4924 daAuts
  Tomb:1: 3438 daAuts
    Hell: 3396 daAuts
Depths:4: 2766 daAuts
  Lair:2: 2738 daAuts
Vaults:1: 2700 daAuts
  Lair:5: 2653 daAuts
Vaults:2: 2528 daAuts
   Elf:3: 2496 daAuts
Depths:1: 2439 daAuts
  Tomb:2: 2425 daAuts
   Elf:2: 2404 daAuts
    D:10: 2370 daAuts
   Elf:1: 2366 daAuts
